Map: Tokamak LE

Players

ManlyManMeat

  • Race: Protoss Protoss
  • League: Master
  • Spawn Location: 1:00

tickler - Winner!

  • Race: Zerg Zerg
  • League: Master
  • Spawn Location: 7:00

VOD

Have the link to the VOD?

Description

Time

  • Played on: June 13, 2025, 6:38 p.m.
  • Length: 16:05
Show
View Real Time Build Order
Export as new Build Order

ManlyManMeat Protoss 

Build Orders:  

Get SALT Encoding   

  12  0:00  Probe  
  13  0:12  Probe  
  14  0:19  Pylon  
  14  0:24  Probe  
  15  0:33  Probe  
  15  0:39  Gateway  
  15  0:41  Probe  
  16  0:49  Assimilator  
  17  1:13  Gateway, Probe  
  18  1:26  Gateway  
  18  1:27  Zealot  
  20  1:33  Probe  
  21  1:44  Cybernetics Core  
  21  1:47  Pylon  
  21  1:57  Zealot  
  21  2:05  Zealot x2  
  27  2:20  Warp Gate  
  27  2:22  Zealot, Probe  
  30  2:33  Pylon  
  30  2:43  Probe  
  31  2:50  Zealot  
  31  2:54  Zealot  
  31  2:55  Zealot  
  37  3:10  Zealot  
  39  3:42  Nexus  
  39  4:02  Pylon  
  39  4:20  Zealot x3  
  45  4:36  Pylon, Probe  
  46  4:48  Probe  
  47  4:53  Zealot  
  51  5:10  Stalker  
  47  5:21  Zealot  
  41  5:38  Probe  
  41  5:39  Probe  
  43  5:46  Probe  
  43  5:47  Probe  
  43  5:50  Stalker x2  
  43  5:52  Pylon  
  43  5:54  Probe  
  43  5:55  Pylon, Probe  
  49  5:58  Pylon  
  49  6:02  Stalker  
  53  6:06  Assimilator, Probe  
  53  6:07  Probe  
  53  6:10  Assimilator  
  55  6:13  Robotics Facility  
  55  6:15  Twilight Council  
  55  6:18  Probe  
  55  6:20  Probe  
  57  6:45  Zealot x3  
  60  6:55  Warp Prism  
  62  7:14  Blink  
  62  7:21  Stalker  
  64  7:50  Stalker  
  64  7:51  Stalker x2  
  68  7:54  Shield Battery, Probe x2  
  72  8:06  Probe x2  
  68  8:20  Stalker x2  
  72  8:38  Gateway, Pylon  
  72  8:39  Gateway  
  72  8:53  Stalker  
  74  9:00  Zealot x2  
  74  9:23  Warp Prism  
  72  9:24  Charge  
  72  9:28  Zealot  
  76  9:38  Zealot  
  76  9:39  Zealot x3  
  80  10:00  Nexus  
  80  10:15  Stalker  
  80  10:20  Nexus  
  78  10:29  Nexus  
  70  10:39  Nexus  
  40  11:13  Zealot x2  
  40  11:14  Zealot x3  
  50  11:32  Immortal  
  50  11:35  Probe x3  
  51  11:43  Resonating Glaives  
  51  11:44  Probe  
  55  11:47  Probe x3  
  55  11:48  Probe  
  55  11:54  Zealot x5  
  62  11:59  Probe  
  71  12:09  Probe x3  
  71  12:10  Probe  
  71  12:12  Immortal  
  67  12:17  Zealot x5  
  81  12:26  Probe x6  
  87  12:31  Assimilator  
  87  12:35  Assimilator  
  84  12:41  Zealot x3  
  88  12:58  Zealot  
  88  12:59  Zealot  
  78  13:26  Assimilator  
  78  13:31  Twilight Council  
  78  13:33  Templar Archives  
  78  13:35  Robotics Facility  
  78  13:36  Stargate  
  78  13:39  Gateway  
  78  13:40  Gateway  
  78  13:47  Zealot x3  
  78  13:48  Zealot x2  
  63  14:05  Nexus  
  43  14:13  High Templar x5  
  48  14:17  Archon  
  48  14:18  Archon  
  41  14:40  Probe  
  42  14:52  Probe  
  39  14:54  High Templar  
  39  14:55  High Templar x4  
  39  14:59  Archon x2  
  49  15:04  Probe  
  49  15:05  High Templar x2  
  54  15:09  Archon  
  44  15:29  High Templar x2  
  44  15:32  Zealot x3  
  54  15:40  High Templar  
  56  15:42  Archon  
Show
View Real Time Build Order
Export as new Build Order

tickler Zerg - Winner!

Build Orders: Pool First 

Get SALT Encoding   

  12  0:01  Drone  
  13  0:08  Drone  
  14  0:24  Overlord  
  14  0:46  Drone  
  14  0:47  Drone x2  
  17  0:57  Spawning Pool  
  17  1:03  Drone  
  17  1:17  Extractor, Drone  
  17  1:19  Hatchery  
  17  1:21  Drone  
  17  1:30  Drone  
  18  1:41  Drone  
  19  2:02  Queen, Drone  
  22  2:18  Overlord x2  
  22  2:25  Hatchery  
  21  2:35  Drone  
  22  2:40  Hatchery  
  22  2:42  Zergling x2  
  22  2:43  Zergling x2  
  23  2:46  Drone  
  24  2:51  Drone  
  25  3:01  Spore Crawler  
  25  3:04  Spore Crawler  
  23  3:10  Zergling x6  
  27  3:13  Metabolic Boost  
  26  3:20  Spine Crawler  
  22  3:40  Spine Crawler  
  21  3:43  Drone x3  
  21  3:44  Zergling x4  
  21  3:45  Zergling x2  
  27  3:58  Queen  
  29  4:03  Drone x2  
  31  4:12  Spine Crawler  
  31  4:16  Extractor  
  29  4:19  Spine Crawler  
  29  4:24  Drone  
  28  4:35  Zergling x6  
  31  4:48  Spine Crawler  
  31  4:49  Zergling x2  
  31  5:03  Drone  
  32  5:16  Drone x3  
  35  5:29  Queen  
  35  5:30  Drone  
  38  5:47  Overlord x2  
  38  6:07  Hatchery  
  35  6:53  Drone x5  
  35  6:54  Drone  
  38  7:05  Drone  
  38  7:07  Lair  
  34  7:26  Zergling x4  
  36  7:30  Overlord  
  36  7:31  Overlord  
  36  7:55  Evolution Chamber  
  35  7:59  Evolution Chamber  
  35  8:00  Drone x5  
  39  8:09  Hydralisk Den  
  37  8:16  Drone x2  
  37  8:17  Drone x4  
  43  8:39  Grooved Spines  
  43  8:41  Zerg Missile Weapons Level 1  
  43  8:42  Zerg Ground Armor Level 1  
  43  8:43  Hydralisk x5  
  53  8:48  Hydralisk  
  53  8:49  Hydralisk x3  
  61  8:58  Hydralisk  
  61  8:59  Hydralisk  
  61  9:00  Hydralisk  
  67  9:04  Hydralisk  
  68  9:11  Drone x2  
  70  9:26  Overseer x2  
  70  9:27  Pneumatized Carapace  
  70  9:29  Muscular Augments  
  70  9:31  Spore Crawler  
  70  9:36  Hydralisk  
  70  9:37  Hydralisk x2  
  74  10:05  Hydralisk x2  
  74  10:06  Hydralisk  
  76  10:07  Overlord x5  
  76  10:08  Overlord  
  76  10:26  Hydralisk  
  76  10:27  Hydralisk x4  
  69  10:42  Zergling x2  
  69  10:43  Zergling x12  
  75  10:55  Drone x2  
  75  11:04  Hatchery  
  72  11:13  Hydralisk x3  
  72  11:18  Drone x3  
  77  11:25  Drone  
  77  11:39  Drone x5  
  82  11:50  Zerg Missile Weapons Level 2  
  82  11:58  Drone  
  82  11:59  Drone x3  
  86  12:10  Drone x4  
  90  12:16  Hydralisk x2  
  90  12:18  Drone  
  95  12:24  Extractor  
  95  12:27  Extractor  
  93  12:34  Hatchery  
  85  12:51  Drone  
  85  12:52  Drone x7  
  85  12:53  Drone x2  
  85  12:58  Hydralisk  
  95  13:02  Drone x3  
  90  13:20  Hatchery  
  89  13:27  Zergling x6  
  89  13:28  Zergling x4  
  89  13:32  Hydralisk  
  96  13:42  Hatchery  
  85  14:04  Zergling x4  
  85  14:05  Zergling x14  
  86  14:16  Zergling x2  
  85  14:27  Zergling x2, Hydralisk  
  85  14:28  Zergling x2, Hydralisk x2  
  93  14:34  Zergling x2  
  92  14:40  Spore Crawler  
  92  14:42  Spine Crawler  
  89  15:00  Drone  
  89  15:01  Drone x4  
  94  15:12  Hatchery  
  93  15:15  Hatchery  
  93  15:18  Infestation Pit  
  86  15:34  Hydralisk x3  
  86  15:35  Hydralisk x3  
  98  15:48  Spine Crawler  
  98  15:49  Spine Crawler  
  96  15:50  Spine Crawler x3  
  96  15:51  Spine Crawler  
  96  15:53  Spine Crawler  
  96  15:54  Spine Crawler  
Tags
 
Matchup
PvZ
Opening
Pool First
Spawn Locations
Cross Positions
Add a new tag
Caveats
  • Supply blocks, unpowered buildings, or Contaminate may cause inaccurate times.
  • Supply counts are checked every 10 seconds.